AoeStats
← 陟遐自迩

Arena

506657516Analyzed
4v4 RM · 18d ago on Sep 14, 2026· 45m 29s· 8 players
Game mode
Random Map
Map size
Large (8 player)
Population
200
Speed
Normal
Resources
Standard
Victory
Conquest
Starting age
Dark Age
Ending age
Imperial Age
RankedLock teamsTeams togetherTeam positionsShared explorationLock speedFull tech treeHidden civsTurbo modeCheats
Victory
Defeat
🇬🇧 Spanish · United Kingdom
1070
+16
🇩🇪 Huns · Germany
1067
+16
🇭🇰 Koreans · Hong Kong SAR China
1066
+16
🇭🇰 Burgundians · Hong Kong SAR China
954
+22
🇺🇸 Koreans · United States
1115
-18
🇨🇳 Franks · China
1081
-18
🇹🇷 Huns · Türkiye
1078
-18
🇮🇪 Turks · Ireland
1024
-16
陟遐自迩
0:33 Loom
2:14 Loom
2:26 Loom
11:06 Feudal Age
12:16 Horse Collar
19:00 Castle Age
19:25 Castle Age
17:33 Stone Mining
17:36 Double-Bit Axe
19:46 Wheelbarrow
20:47 Bow Saw
20:37 Heavy Plow
23:22 Gold Mining
25:33 Gold Shaft Mining
30:37 Imperial Age
27:56 Town Watch
28:50 Hand Cart
29:57 Forging
29:58 Scale Barding Armor
30:49 Husbandry
31:00 Bloodlines
30:17 Pikeman
30:58 Squires
31:11 Scale Mail Armor
31:47 Iron Casting
31:01 Arson
31:27 Halberdier
32:31 Chain Mail Armor
34:34 Blast Furnace
35:34 Chain Barding Armor
36:43 Two-Man Saw
37:35 Plate Barding Armor
36:53 Cavalier
38:19 Marauders
38:39 Conscription
37:40 Elite Tarkan
38:20 Fletching
38:31 Padded Archer Armor
43:41 Man-at-Arms
44:32 Caravan
44:25 Long Swordsman
曠曠曠曠曠曠工
8:04 Loom
12:10 Feudal Age
16:14 Castle Age
14:04 Double-Bit Axe
14:33 Horse Collar
15:38 Stone Mining
17:57 Bow Saw
27:58 Heavy Plow
30:43 Wheelbarrow
31:11 Scale Mail Armor
30:34 Pikeman
36:17 Imperial Age
33:33 Town Watch
34:53 Hand Cart
34:31 Gold Mining
35:19 Stone Shaft Mining
34:56 Inquisition
35:12 Fervor
35:23 Sanctity
34:57 Fletching
35:56 Forging
36:32 Husbandry
36:42 Bloodlines
38:01 Conscription
38:53 Chemistry
41:07 Chain Mail Armor
慈母守中線 游子身上E
6:44 Double-Bit Axe
11:41 Feudal Age
15:30 Castle Age
15:49 Bow Saw
17:30 Forging
17:39 Horse Collar
18:43 Loom
19:50 Scale Barding Armor
23:36 Wheelbarrow
24:21 Husbandry
25:22 Gold Mining
26:36 Two-Man Saw
25:51 Cavalier
32:34 Imperial Age
30:49 Iron Casting
30:35 Chain Barding Armor
30:53 Iron Casting
35:09 Hand Cart
35:55 Paladin
38:51 Stone Mining
39:40 Gold Shaft Mining
39:08 Heavy Plow
41:08 Blast Furnace
40:44 Plate Barding Armor
40:08 Light Cavalry
41:52 Hussar
42:26 Fletching
43:32 Caravan
44:07 Coinage
伐伐伐伐伐木工
10:57 Feudal Age
12:25 Loom
15:03 Castle Age
13:40 Double-Bit Axe
14:45 Horse Collar
17:44 Wheelbarrow
21:08 Bow Saw
24:35 Fletching
26:21 Ballistics
30:13 Imperial Age
27:28 Treadmill Crane
28:20 Bodkin Arrow
30:13 Hand Cart
29:48 Town Watch
30:11 Squires
29:56 Gambesons
29:56 Arson
30:23 Scale Mail Armor
30:33 Forging
30:55 Masonry
31:16 Stone Mining
31:17 Gold Mining
31:01 Elite Fire Lancer
32:44 Chemistry
32:24 Bracer
33:13 Chain Mail Armor
33:45 Conscription
34:00 Fortified Wall
35:08 Plate Mail Armor
35:13 Iron Casting
38:54 Elite Skirmisher
41:59 Two-Man Saw
42:30 Gold Shaft Mining
43:29 Eupseong
44:24 Coinage
Thegreatnoticing
7:41 Loom
11:22 Feudal Age
15:47 Castle Age
14:31 Double-Bit Axe
15:40 Wheelbarrow
17:40 Stone Mining
22:54 Horse Collar
27:11 Bloodlines
27:27 Husbandry
28:42 Scale Barding Armor
31:14 Heavy Plow
32:55 Bow Saw
32:43 Gold Mining
35:54 Imperial Age
34:17 Hand Cart
Prof. Dr. Abuzer KÖMÜRCÜ
10:29 Feudal Age
11:58 Loom
15:58 Castle Age
13:46 Horse Collar
14:14 Double-Bit Axe
21:35 Loom
24:11 Marauders
28:06 Imperial Age
26:26 Forging
27:09 Scale Barding Armor
27:43 Iron Casting
28:02 Bloodlines
28:26 Chain Barding Armor
31:11 Blast Furnace
34:27 Plate Barding Armor
33:53 Padded Archer Armor
33:37 Elite Tarkan
34:17 Gold Mining
35:07 Ballistics
35:57 Chemistry
34:58 Fletching
36:44 Scale Mail Armor
37:00 Leather Archer Armor
36:44 Bodkin Arrow
36:31 Heavy Cavalry Archer
38:17 Cavalier
41:01 Bracer
42:23 Paladin
9630791
10:48 Feudal Age
13:45 Loom
16:48 Castle Age
15:35 Double-Bit Axe
16:48 Forging
17:12 Scale Barding Armor
24:03 Stone Mining
26:11 Wheelbarrow
25:52 Bow Saw
27:17 Hand Cart
28:49 Gold Mining
32:26 Imperial Age
30:56 Iron Casting
30:29 Husbandry
31:38 Gold Shaft Mining
31:30 Chain Barding Armor
30:49 Light Cavalry
34:06 Chemistry
32:29 Cavalier
33:49 Plate Barding Armor
34:03 Conscription
35:15 Blast Furnace
34:42 Ballistics
34:26 Paladin
35:18 Scale Mail Armor
34:41 Pikeman
36:37 Chivalry
37:55 Chain Mail Armor
39:03 Murder Holes
39:01 Fletching
39:35 Halberdier
40:47 Plate Mail Armor
40:13 Bodkin Arrow
40:48 Squires
42:12 Siege Engineers
mark_aoe_2024
11:06 Feudal Age
15:15 Castle Age
13:22 Double-Bit Axe
13:29 Horse Collar
16:34 Bow Saw
18:04 Loom
19:52 Wheelbarrow
19:24 Elite Skirmisher
21:20 Fletching
23:41 Pikeman
24:22 Squires
24:50 Hand Cart
25:01 Fortified Wall
31:11 Imperial Age
30:15 Bodkin Arrow
30:21 Scale Mail Armor
30:45 Ballistics
30:36 Masonry
31:54 Chain Mail Armor
31:50 Forging
33:02 Chemistry
32:08 Gold Mining
34:39 Bracer
35:25 Conscription
35:36 Halberdier
38:11 Architecture
39:26 Plate Mail Armor
39:32 Iron Casting
39:14 Elite War Wagon
40:45 Siege Engineers
Connection lost

Rejoining the realm…

Still unreachable

The connection could not be restored.

Session expired

The server has moved on; the page needs a fresh start.